 Dungeon Crawl Stone Soup version 0.31-a0-1001-g770356a28f (webtiles) character file.

Game seed: 4370989788631113588

2 fairyof the Firebug (level 1, -1/10 HPs)
             Began as a Deep Elf Fire Elementalist on Mar 22, 2023.
             Frozen to death by an endoplasm (2 damage)
             ... on level 1 of the Dungeon on Nov 8, 2023.
             The game lasted 00:02:07 (245 turns).

fairyof the Firebug (Deep Elf Fire Elementalist)     Turns: 245, Time: 00:02:08

Health: -1/10      AC:  2    Str:  5    XL:     1   Next: 33%
Magic:  6/6        EV: 12    Int: 19    God:
Gold:   13         SH:  0    Dex: 15    Spells: 5/6 levels left

rFire   . . .        (no weapon)
rCold   . . .        (no shield)
rNeg    . . .        a - +0 robe
rPois   .            (no helmet)
rElec   .            (no cloak)
rCorr   .            (no gloves)
SInv    .            (no boots)
Will    .....        (no amulet)
Stlth   ++           (no ring)
HPRegen 0.21/turn    (no ring)
MPRegen 0.10/turn

%: no passive effects
@: no status effects
A: no striking features
a: no special abilities


You were on level 1 of the Dungeon.
You visited 1 branch of the dungeon, and saw 1 of its levels.

You collected 13 gold pieces.

Inventory:

Armour
 a - a +0 robe (worn)
Scrolls
 c - a scroll of noise {unknown}
 d - a scroll of immolation {unknown}
 e - a scroll of fear {unknown}
Potions
 b - 2 potions of magic


   Skills:
 + Level 2.4 Dodging
 + Level 2.4 Stealth
 + Level 3.0 Spellcasting
 + Level 1.1 Conjurations
 + Level 3.4 Fire Magic


You had 5 spell levels left.
You knew the following spells:

 Your Spells              Type           Power      Damage    Failure   Level
a - Foxfire               Conj/Fire      44%        2x1d6     6%          1

Your spell library contained the following spells:

 Spells                   Type           Power      Damage    Failure   Level
 Scorch                   Fire           32%        2d6       5%          2
 Inner Flame              Hex/Fire       9%         N/A       22%         3
 Volatile Blastmotes      Fire/Tloc      18%        2d11      22%         3
 Flame Wave               Conj/Fire      11%        2d6       52%         4
 Vhi's Electric Charge    Tloc/Air       4%         N/A       83%         4
 Arcjolt                  Conj/Air       2%         1d12      98%         5
 Plasma Beam              Fire/Air       4%         2x1d14    100%        6


Dungeon Overview and Level Annotations

Branches:
Dungeon (1/15)

Altars:


Message History

The ball python grabs you. The ball python constricts you.
You hit the ball python.
The ball python is moderately wounded.
The ball python barely misses you. The ball python constricts you.
You hit the ball python but do no damage.
The ball python is moderately wounded.
The ball python barely misses you. The ball python constricts you.
You hit the ball python.
You kill the ball python!
You see here a ball python corpse.
HP restored.
You pick up a book of Lightning and begin reading...
You add the spells Vhi's Electric Charge, Arcjolt and Plasma Beam to your library.
e - a scroll labelled ERYIPR IGILIME
Things that are here:
a +0 dagger; a kobold corpse
Found a stone staircase leading down.
An endoplasm comes into view.
The endoplasm quivers.
An endoplasm is nearby!
An endoplasm is nearby!
An endoplasm is nearby!
An endoplasm is nearby!
The endoplasm closely misses you. The endoplasm hits you.
The endoplasm freezes you.
You are frozen.
The endoplasm freezes you.
You are frozen.
The endoplasm barely misses you. The endoplasm barely misses you.
The endoplasm hits you.
* * * LOW HITPOINT WARNING * * *
The endoplasm freezes you.
You are frozen.
* * * LOW HITPOINT WARNING * * *
The endoplasm misses you. The endoplasm freezes you.
You are frozen.
You die...

##### ..> # ...
.#.####.#######
........J......
#...@#
.....##.# .#.
#.### #...#
###..###
#......#
####..##
#......#
#......#


You could see an endoplasm.

Vanquished Creatures
  An endoplasm (D:1)
  A ball python (D:1)
  A kobold (D:1)
3 creatures vanquished.

Vanquished Creatures (others)
  4 foxfires (D:1)
4 creatures vanquished.

Grand Total: 7 creatures vanquished

Notes
Turn   | Place    | Note
-------+----------+-------------------------------------------
     0 | D:1      | fairyof the Deep Elf Fire Elementalist began the quest for
                  | the Orb.
     0 | D:1      | Reached XP level 1. HP: 10/10 MP: 6/6
   123 | D:1      | Upgraded the game from 0.30-a0-923-g828ccac5a3 to
                  | 0.31-a0-1001-g770356a28f
   245 | D:1      | Frozen to death by an endoplasm

Illustrated notes

Levels and vault maps discovered:
D:1:      dpeg_arrival_ternary, layout_basic

Action                     || total
---------------------------++-------
  Melee: Unarmed           ||     3
   Cast: Foxfire           ||     4
 Armour: Robe              ||     3
  Dodge: Dodged            ||     6

Table legend: (Time is in decaauts)
 A = Elapsed time spent in this place.
 B = Non-inter-level travel time spent in this place.
 C = Inter-level travel time spent in this place.
 D = Time resting spent in this place.
 E = Time spent auto-exploring this place.
 F = Levels seen in this place.
 G = Mean time per level.
                   A        B        C        D        E       F      G
               +--------+--------+--------+--------+--------+-----+--------+
         Total |    245 |    245 |      0 |      0 |    202 |   1 |  245.0 |
       Dungeon |    245 |    245 |      0 |      0 |    202 |   1 |  245.0 |
               +--------+--------+--------+--------+--------+-----+--------+

Top non-repeatable levels by time:
     D:1: 245 daAuts
